 Dungeon Crawl Stone Soup version 0.29-a0-72-g1732ff48e7 (webtiles) character file.

Game seed: 17723863031505148482

4 enile the Grave Robber (level 1, -2/9 HPs)
             Began as a Felid Wanderer on Feb 3, 2022.
             Slain by a gnoll (11 damage)
             ... on level 1 of the Dungeon.
             The game lasted 00:00:19 (94 turns).

enile the Grave Robber (Felid Wanderer)               Turns: 94, Time: 00:00:19

Health: -2/9       AC:  1    Str:  9    XL:     1   Next: 58%
Magic:  3/3        EV: 16    Int: 13    God:
Gold:   28         SH:  0    Dex: 14    Spells: 1/2 levels left
                                        Lives:  0   Deaths: 0

rFire   . . .      SeeInvis +     - Unarmed
rCold   . . .      Faith    .   (shield unavailable)
rNeg    . . .      Spirit   .   (armour unavailable)
rPois   .          Reflect  .   (helmet unavailable)
rElec   .          Harm     .   (cloak unavailable)
rCorr   .          Rampage  .   (gloves unavailable)
Will    .....                   (boots unavailable)
Stlth   ++........              (no amulet)
HPRegen 0.03/turn               (no ring)
MPRegen 0.08/turn               (no ring)

@: quick
A: very small, claws 1, fangs 3, see invisible, speed 1, shaggy fur 1, stealthy
paws, no weapons or thrown items, no armour, multi-lived
a: no special abilities


You were on level 1 of the Dungeon.
You visited 1 branch of the dungeon, and saw 1 of its levels.

You collected 28 gold pieces.

Inventory:

Scrolls
 a - a scroll of blinking
 b - a scroll of summoning


   Skills:
 - Level 1.0 Fighting
 + Level 1.3 Dodging
 - Level 2.7 Stealth
 - Level 3.0 Unarmed Combat
 - Level 1.0 Spellcasting
 - Level 3.0 Necromancy


You had one spell level left.
You knew the following spells:

 Your Spells              Type           Power      Damage    Failure   Level
a - Pain                  Necr           32%        1d5       9%          1

Your spell library contained the following spells:

 Spells                   Type           Power      Damage    Failure   Level
 Sandblast                Erth           0%         2d4       28%         1
 Vampiric Draining        Necr           8%         2d6       24%         3
 Ensorcelled Hibernation  Hex/Ice        0%         N/A       38%         2
 Passwall                 Tmut/Erth      0%         N/A       38%         2
 Stone Arrow              Conj/Erth      0%         3d7       63%         3
 Swiftness                Air            0%         N/A       63%         3


Dungeon Overview and Level Annotations

Branches:
Dungeon (1/15)

Altars:


Innate Abilities, Weirdness & Mutations

You have sharp claws.
You have razor-sharp teeth.
You have supernaturally acute eyesight. (SInv)
You cover ground quickly. (Speed+)
You are covered in fur. (AC +1)
Your paws help you pounce on unaware monsters.
You are incapable of wielding weapons or throwing items.
You cannot wear armour.
You gain extra lives every three experience levels.


Message History

No target in view!
HP restored.
You see here 24 stones.
A rat comes into view.
A rat is nearby!
A rat is nearby!
A rat is nearby!
A bat and a kobold come into view.
Found 10 gold pieces.
The rat bites you.
You completely miss the rat. The rat barely misses you.
You barely miss the rat. The rat misses you.
You scratch the rat.
You kill the rat!
You scratch the bat.
You kill the bat!
Your Dodging skill increases to level 1!
Found an inky potion.
Found a book of Burglary.
There is a shaft here.
You barely miss the kobold.
You scratch the kobold but do no damage.
The kobold barely misses you.
You miss the kobold. The kobold barely misses you.
You scratch the kobold.
You kill the kobold!
You see here a +0 dagger.
You now have 28 gold pieces (gained 10).
You pick up a book of Burglary and begin reading...
You add the spells Ensorcelled Hibernation and Swiftness to your library.
A gnoll comes into view. It is wielding a +0 flail.
A gnoll is nearby!
A gnoll is nearby!
Okay, then.
Found a golden potion.
You scratch the gnoll.
The gnoll is moderately wounded.
The gnoll hits you with a +0 flail!
Ouch! That really hurt!
You die...

#.........#
#.........#
#†........#
##.).......# ##
#..^.......# .##
##..........#
..####...........#
...#...#.........#
.....###........@#
...### ##........g.#
...# ##..........#
#(.########.##.!.....#
#............#.......#
#...†...### .#.......#
#.#####.# ......!##
#.#####.. #........
#........


You could see a gnoll.

Vanquished Creatures
  2 bats (D:1)
  A kobold (D:1)
  A rat (D:1)
4 creatures vanquished.

Notes
Turn   | Place    | Note
-------+----------+-------------------------------------------
     0 | D:1      | enile the Felid Wanderer began the quest for the Orb.
     0 | D:1      | enile set off with the following items: a scroll of
                  | blinking, a scroll of summoning; and the following spell
                  | memorised: Pain; and the following spells available to
                  | memorise: Vampiric Draining
     0 | D:1      | Reached XP level 1. HP: 9/9 MP: 3/3
    57 | D:1      | Reached skill level 1 in Dodging
    94 | D:1      | Slain by a gnoll

Illustrated notes

Levels and vault maps discovered:
D:1:      giann_horns, layout_rooms, hellmonk_ecumenical_altar_crossroads

Skill      XL: |  1 |
---------------+----+-----
Dodging        | 1 |  1.3
Fighting       | |  1.0
Stealth        | |  2.7
Unarmed Combat | |  3.0
Spellcasting   | |  1.0
Necromancy     | |  3.0

Action                   || total
-------------------------++-------
Melee: Unarmed           ||    11
Dodge: Dodged            ||     6

Table legend: (Time is in decaauts)
 A = Elapsed time spent in this place.
 B = Non-inter-level travel time spent in this place.
 C = Inter-level travel time spent in this place.
 D = Time resting spent in this place.
 E = Time spent auto-exploring this place.
 F = Levels seen in this place.
 G = Mean time per level.
                   A        B        C        D        E       F      G
               +--------+--------+--------+--------+--------+-----+--------+
         Total |     82 |     82 |      0 |      0 |     55 |   1 |   82.0 |
       Dungeon |     82 |     82 |      0 |      0 |     55 |   1 |   82.0 |
               +--------+--------+--------+--------+--------+-----+--------+

Top non-repeatable levels by time:
     D:1: 82 daAuts
